woodfighter, lawful female human Knight -- ---------------- --- |....aD...........| |.-- ---- ---- -- - ----------#..| --- |..--- -------..| --..| --..-----(-- --...| |.--.....-- |...-- |..........| |...| |.........| --...| |..------..-- |.*.-----------.......-- |..-- --.--- |-..----..........(.........| --..| |...| --.I.(|--......--------....--- --...| ---.---.....||.<...)..------|..--- |.-..| |........--|.........*...|---- ---....| --.......| |......()----.--- --......-- --....-----......--.--#...| |........| ---.--- |......--|...#--.--- -->.....-- |...----.....| |...| |...| -------...-- --...........-----.-----.---.........| |...-------...| |...--|.%.....---...| ----- |...| |....|---.[|..|--.--- ----- |....| |..|---|.^.| ---.-- ---- --.-- --- --- woodfighter the Bachelor Experience level: 9 Strength: 25 Dexterity: 13 Constitution: 15 Intelligence: 7 Wisdom: 14 Charisma: 18 Health: 0(70) Energy: 71(71) Def: 11 Gold: 0 Moves: 8330 Dungeon seed: 0ty2KRGI3dnrOq-h Game ID: woodfighter_1510827529 Your Inventory: Weapons a - the blessed rustproof +1 Excalibur (weapon in hand) c - a +0 long sword Armor i - an uncursed +1 dwarvish mithril-coat (being worn) n - a blessed rusty +0 helmet (being worn) r - an uncursed +0 pair of elven boots (being worn) t - an uncursed +0 pair of gauntlets of power (being worn) u - a blessed +1 elven cloak (being worn) N - an uncursed +0 pair of jumping boots Comestibles d - 6 uncursed apples h - an uncursed orange m - 5 uncursed food rations x - an uncursed cream pie F - 2 uncursed tripe rations H - an uncursed fortune cookie I - 4 uncursed sprigs of wolfsbane K - an uncursed tin of shrieker Wands b - a wand of lightning (0:3) l - a wand of digging (0:3) C - a wand of magic missile (0:3) Q - a wand of striking (0:6) Tools s - an uncursed bag of holding w - an uncursed magic whistle y - an uncursed skeleton key X - a +0 pick-axe Gems q - an uncursed luckstone Contents of the bag of holding: a [uncursed] amulet of ESP a blessed +1 mummy wrapping a [cursed] scroll of enchant armor a [uncursed] scroll of remove curse a [cursed] potion of confusion a [uncursed] potion of fruit juice 2 [uncursed] potions of object detection a [blessed] potion of speed a [uncursed] ring of teleport control Spells and supernatural/magical abilities: Name Level Category Fail Memory W - pray for help -- divine ? -- X - turn undead -- divine ? -- Y - supernatural jump -- ability ? -- Your skills at the end: Miscellaneous Skills shield [Basic] wands [Basic] riding [Basic] Weapon Skills long sword [Basic] polearms [Basic] Spellcasting Skills Final Attributes: You were haltingly aligned. You were sleep resistant. You were level-drain resistant. Your writing hand was ok. You were telepathic. You had automatic searching. You were very stealthy. You could jump. You could fly. You were riding horsey2. You were fast. You were lucky. You had extra luck. Bad luck did not time out for you. Good luck did not time out for you. You are dead. Vanquished creatures: a giant mimic a large mimic a quantum mechanic a small mimic a large dog a gelatinous cube 2 Grey-elves a giant beetle 2 leprechauns a quivering blob 2 mountain nymphs a giant spider an iron piercer 2 gnome kings 4 Green-elves a dog a dingo a housecat a dust vortex a raven 3 gnome mummies a human zombie a rope golem 3 soldier ants a fire ant a bugbear a wood nymph 8 Uruk-hai a rock piercer a pony 2 fog clouds 15 gnome lords 4 gnomish wizards a kobold mummy a red naga hatchling 3 golden naga hatchlings a guardian naga hatchling 2 gray oozes 2 elf zombies 3 straw golems 8 giant ants a puppy a floating eye 2 kittens 7 dwarves a kobold lord a kobold shaman an iguana 10 hill orcs 4 rothes 2 rabid rats 2 centipedes 4 jitterbugs 2 giant bats a monkey 4 orc zombies a wererat 2 werejackals 8 killer bees a coyote a gas spore a hobbit 3 acid blobs 3 large kobolds 8 geckos a hobgoblin 6 giant rats a cave spider 2 brown molds 2 yellow molds 3 green molds 47 gnomes 7 garter snakes 10 manes 3 gnome zombies 7 jackals 4 foxes 2 kobolds 10 newts 7 goblins 16 grid bugs 5 bats 5 lichens 299 creatures vanquished. Voluntary challenges: You did not cause conflict. You were not invisible. You did not have reflection. You were not displaced. You had been an atheist until turn 1896. You used a wielded weapon 337 times, starting on turn 41. You did not apply a unicorn horn. You did not use sinks. You did not drink any magical draughts. You read items or engraved 2 times, starting on turn 1895. You never genocided any monsters. You never polymorphed an object. You changed form 1 time, starting on turn 6515. You completed Sokoban on turn 3998, according to the rules. You used no wishes. You never split a pudding. You never wrote Elbereth's name. You violated your moral code, losing 8 points of alignment, starting on turn 1927. Dungeon overview: The Dungeons of Doom: levels 1 to 8 Level 1 a fountain a long staircase Level 2 a general store Level 3 Level 4 a fountain stairs to The Gnomish Mines Level 5 Level 6 many fountains Level 7 an altar to Brigit stairs to Sokoban Level 8 The Gnomish Mines: levels 5 to 11 Level 5 stairs to The Dungeons of Doom Level 6 Level 7 many shops, a temple to Lugh, a magic chest, some fountains, some trees Level 8 Level 9 (poly trap) Level 10 <- You were here Level 11 Sokoban: levels 3 to 6 Level 3 a magic chest Level 4 Level 5 Level 6 an altar to Brigit, a magic chest stairs to The Dungeons of Doom History has recorded: On T:1 you entered the Dungeons of Doom to retrieve the Amulet of Yendor! On T:196 you reached level 2 of The Dungeons of Doom. On T:661 you advanced to experience level 2. On T:749 you reached level 3 of The Dungeons of Doom. On T:771 you advanced to experience level 3. On T:981 you reached level 4 of The Dungeons of Doom. On T:1382 you advanced to experience level 4. On T:1420 you reached level 8 of The Dungeons of Doom. On T:1551 you reached level 7 of The Dungeons of Doom. On T:1622 you reached level 4 of Sokoban. On T:1755 you advanced to experience level 5. On T:1893 you opened a magic chest. On T:1927 you advanced to experience level 6. On T:2097 you reached level 3 of Sokoban. On T:2654 you reached level 2 of Sokoban. On T:3186 you advanced to experience level 7. On T:3603 you reached level 1 of Sokoban. On T:3998 you advanced to experience level 8. On T:3998 you entered the Sokoban zoo. On T:4336 you reached level 6 of The Dungeons of Doom. On T:4516 you reached level 5 of The Dungeons of Doom. On T:4915 you reached level 1 of The Gnomish Mines. On T:5195 you reached level 2 of The Gnomish Mines. On T:5593 you reached level 3 of The Gnomish Mines. On T:5947 you entered the Minetown temple On T:6297 you reached level 4 of The Gnomish Mines. On T:6499 you reached level 5 of The Gnomish Mines. On T:7166 you advanced to experience level 9. On T:7510 you reached level 6 of The Gnomish Mines. On T:8149 you reached level 7 of The Gnomish Mines. Score breakdown: Gold: 0 ( 0 points) Experience: 9 levels ( 800 points) Exploration: 11 levels ( 300 points) Discoveries: 31 items ( 1550 points) Variety of kills: 83 monsters ( 2000 points) Major goal: finished Sokoban ( 1000 points) Survival: died (score multiplied by 3) Total score: 16950 Latest messages: You attack thin air. Nowhere else around here can be automatically explored. Where do you want to travel to? You stop travelling. Something stole a dwarvish cloak. You are now wielding your pick-axe. You start digging. You hit the rock with all your might. You make an opening in the wall. You are now wielding your Excalibur. You stop exploring. Horsey2 breathes sleep gas! The blast of sleep gas hits the soldier ant. The pair of leather gloves misses the soldier ant. The soldier ant bites! The soldier ant misses. The soldier ant bites! The soldier ant stings! The soldier ant bites! The soldier ant stings! You die... Final status: Fare thee well woodfighter the Knight, killed by a soldier ant... You died in The Gnomish Mines on dungeon level 10 with 16950 points, and 0 pieces of gold, after 8330 moves. You were level 9 with a maximum of 70 hit points when you died.